 Dungeon Crawl Stone Soup version 0.19-a0-1468-ge013c26 (webtiles) character file.

37 jacquesderrida the Caller (level 3, 0/24 HPs)
             Began as a Demonspawn Summoner on Sept 7, 2016.
             Was an Initiate of Ashenzari.
             Succumbed to a worker ant's poison
             ... on level 4 of the Dungeon.
             The game lasted 00:05:39 (1003 turns).

jacquesderrida the Caller (Demonspawn Summoner)     Turns: 1003, Time: 00:05:39

Health: 0/24       AC:  4    Str:  8    XL:     3   Next: 21%
Magic:  4/6        EV: 11    Int: 17    God:    Ashenzari [......]
Gold:   40         SH:  0    Dex: 13    Spells: 3 memorised, 0 levels left

rFire  . . .     SeeInvis .     k - +0 dagger
rCold  . . .     Gourm    .     f - +0 leather armour
rNeg   . . .     Faith    .     (no shield)
rPois  .         Spirit   .     (no helmet)
rElec  .         Dismiss  .     (no cloak)
rCorr  .         Reflect  .     (no gloves)
MR     .....     Harm     .     j - +0 pair of boots
Stlth  ++........               d - amulet of rage
                                (no ring)
                                (no ring)

@: lethally poisoned (0 -> -6)
A: hooves 1, powered by pain 1
a: Curse Item, Renounce Religion, Evoke Berserk Rage


You were on level 4 of the Dungeon.
You worshipped Ashenzari.
Ashenzari was noncommittal.
You were not hungry.

You visited 1 branch of the dungeon, and saw 4 of its levels.

You collected 70 gold pieces.
You spent 30 gold pieces at shops.

Inventory:

Hand Weapons
 k - a +0 dagger (weapon)
Missiles
 g - a throwing net (quivered)
Armour
 a - a +0 robe
 f - a +0 leather armour (worn)
 j - a +0 pair of boots (worn)
Jewellery
 d - an amulet of rage (around neck)
Scrolls
 e - a scroll of magic mapping {unknown}
 i - a scroll of teleportation
 p - a scroll of identify {unknown}
Potions
 m - a potion of agility {unknown}
 n - a potion of berserk rage {unknown}
 o - a potion of lignification {unknown}
Books
 b - a book of Callings

   Spells                             Type                      Level
   a - Summon Small Mammal            Summoning                    1
   b - Call Imp                       Summoning                    2
   c - Call Canine Familiar           Summoning                    3
   d - Summon Guardian Golem          Hexes/Summoning              3
   e - Summon Lightning Spire         Summoning/Air                4
   f - Summon Ice Beast               Ice/Summoning                4
 q - a book of Beasts

   Spells                             Type                      Level
   a - Summon Butterflies             Summoning                    1
   b - Call Canine Familiar           Summoning                    3
   c - Summon Ice Beast               Ice/Summoning                4
   d - Summon Mana Viper              Hexes/Summoning              5
   e - Summon Hydra                   Summoning                    7
Comestibles
 c - 2 bread rations
 h - a fruit
 l - a meat ration


   Skills:
 - Level 1.7 Dodging
 - Level 1.7 Stealth
 - Level 2.0 Spellcasting
 + Level 5.1 Summonings


You couldn't memorise any spells.
You knew the following spells:

 Your Spells              Type           Power        Failure   Level  Hunger
a - Summon Small Mammal   Summ           ###.         3%          1    #......
b - Call Imp              Summ           ###.....     6%          2    ###....
c - Call Canine Familiar  Summ           ###.....     12%         3    ###....


Dungeon Overview and Level Annotations

Branches:
Dungeon (4/15)
 Temple: D:4-7

Altars:
Ashenzari

Shops:
D:4 ?

Annotations:
D:3 jacquesderrida's ghost, weakling DsSu


Innate Abilities, Weirdness & Mutations

You have large cloven feet.
You sometimes gain a little power by taking damage.


Message History

Your hound closely misses the scorpion.
The orc warrior hits your hound but does no damage.
Found 7 gold pieces and an uncursed scale mail.
Found a scroll labeled PUYMIPS ICKAI.
Something hits your hound.
Your hound barely misses the scorpion.
A worker ant and a skeleton come into view.
The worker ant twitches its antennae in your direction.
The centaur skeleton moves out of view.
The worker ant bites you.
* * * LOW HITPOINT WARNING * * *
You are lethally poisoned!
The worker ant poisons you!
Your hound misses the orc.
Found 11 gold pieces and a scroll labeled MESIUT AHIHA.
* * * LOW HITPOINT WARNING * * *
You feel sick.
Found an uncursed war axe.
Unknown command.
Unknown command.
Unknown command.
Unknown command.
You die...

#.ยง#....# ........#
#....#..# ........#
#..#....# #.......#
#....#.## #......?#
##.#...# #..$....#
#...#.# #.......#
##.#...# #.......#
#o...#.# #....a.@#
#."#o..# #.......#
#..h.###
#.....?O#####o######
#......a.s.h.........
#...Z....h...........
)..........?...$.....
...##+#...$..!.......
... #..............
.. #).............


You could see an ogre, 2 worker ants and a centaur skeleton.

Vanquished Creatures
  2 bats (D:2)
  A giant cockroach (D:3)
  A goblin (D:3)
  A jackal (D:2)
5 creatures vanquished.

Vanquished Creatures (collateral kills)
  Ijyb (D:2)
  A dart slug (D:2)
  3 orcs
  3 hobgoblins (D:2)
  3 jackals (D:2)
  A bat (D:3)
  2 giant newts (D:2)
  5 goblins
  2 rats (D:3)
21 creatures vanquished.

Grand Total: 26 creatures vanquished

Notes
Turn   | Place    | Note
-------+----------+-------------------------------------------
     0 | D:1      | jacquesderrida the Demonspawn Summoner began the quest for the Orb.
     0 | D:1      | Reached XP level 1. HP: 13/13 MP: 3/3
    21 | D:1      | Found a shattered altar of Ashenzari.
    29 | D:1      | Became a worshipper of Ashenzari the Shackled
   134 | D:2      | Noticed Ijyb
   319 | D:2      | Found a faded altar of an unknown god.
   481 | D:2      | Gained mutation: You have large cloven feet. [demonic ancestry]
   481 | D:2      | Reached XP level 2. HP: 17/19 MP: 0/5
   517 | D:2      | Learned a level 2 spell: Call Imp
   551 | D:2      | Killed Ijyb
   602 | D:2      | Reached skill level 5 in Summonings
   634 | D:2      | Gained mutation: You sometimes gain a little power by taking damage. [demonic ancestry]
   634 | D:2      | Reached XP level 3. HP: 17/24 MP: 6/6
   828 | D:3      | Learned a level 3 spell: Call Canine Familiar
   854 | D:4      | Found Boyhiupu's Magic Scroll Emporium.
   856 | D:4      | Bought a scroll of teleportation for 30 gold pieces
   857 | D:4      | Noticed an orc warrior
   892 | D:3      | Noticed jacquesderrida's ghost (weakling DsSu)
   965 | D:4      | Noticed a scorpion
   995 | D:4      | Noticed an ogre
  1001 | D:4      | HP: 1/24 [poisoned by a worker ant]
  1003 | D:4      | Succumbed to a worker ant's poison

Vault maps used:
D:1:      dpeg_arrival_tiny_a, evilmike_ruin_ashenzari
D:2:      marbit_many_paths, lemuel_coloured_pillars_altar,
          overflow_temple_1_default, ecumenical_altar_2, uniq_iyjb
D:3:      kb_forest_paths, first_bread, nicolae_ru_sacrificial_ziggurat
D:4:      good_gods_mini_temple, serial_shops, nicolae_shop_trees, minivault_25,
          minmay_misc_feat_pillars

Skill      XL: |  1  2 |
---------------+-------+-----
Summonings     | 5 |  5.1
Dodging        | |  1.7
Stealth        | |  1.7
Spellcasting   | |  2.0

Action                   || total
-------------------------++-------
Melee: Dagger            ||    32
       Unarmed           ||     3
 Cast: Summon Small Mamm ||    22
       Call Imp          ||     7
       Call Canine Famil ||     1
 Stab: Distracted        ||     1
       Sleeping          ||     2
  Eat: Chunk             ||     1
Armor: Leather armour    ||    26
       Robe              ||     1
Dodge: Dodged            ||    50
